 Dungeon Crawl Stone Soup version 0.23.2 (webtiles) character file.

Game seed: 12050312861712000719

673 Kairos the Vandal (level 7, 0/55 HPs)
             Began as a Formicid Abyssal Knight on Apr 12, 2019.
             Was a Priest of Lugonu.
             Succumbed to a scorpion's poison
             ... on level 6 of the Dungeon.
             The game lasted 00:06:30 (3564 turns).

Kairos the Vandal (Formicid Abyssal Knight)         Turns: 3564, Time: 00:06:31

Health: 0/55       AC: 12    Str: 21 (24) XL:     7   Next: 90%
Magic:  8/8        EV:  4    Int: 10 (11) God:    Lugonu [***...]
Gold:   153        SH: 14    Dex:  9 (10) Spells: 6/6 levels left

rFire    + . .     SeeInvis +   h - +2 fustibalus (flame)
rCold    + . .     Gourm    .   i - +1 large shield
rNeg     . . .     Faith    .   n - +0 chain mail
rPois    +         Spirit   .   (helmet unavailable)
rElec    +         Reflect  .   (no cloak)
rCorr    +         Harm     .   (no gloves)
MR       .....                  k - +0 pair of boots (curse)
Stlth    ..........             (no amulet)
HPRegen  0.18/turn              (no ring)
MPRegen  0.11/turn              (no ring)

@: mighty, lethally poisoned (0 -> -7), resistant, flying
A: permanent stasis, dig shafts and tunnels, four strong arms, antennae 3,
yellow scales 1, blurry vision 1, mutation resistance 1, subdued magic 1
a: Dig, Shaft Self, Depart the Abyss, Bend Space, Banish, Renounce Religion


You were on level 6 of the Dungeon.
You worshipped Lugonu.
Lugonu was most pleased with you.
You were not hungry.

You visited 1 branch of the dungeon, and saw 6 of its levels.
You visited the Abyss 1 time.

You collected 153 gold pieces.

Inventory:

Hand Weapons
 a - a +1 spear
 h - a +2 fustibalus of flaming (weapon)
 y - a +0 trident
Missiles
 s - 69 stones (quivered)
 u - 8 sling bullets
Armour
 i - a +1 large shield (worn)
 k - a cursed +0 pair of boots (worn)
 n - a +0 chain mail (worn)
Wands
 A - a wand of clouds (6)
 E - a wand of random effects (13)
Scrolls
 b - 4 scrolls of remove curse
 e - 3 scrolls of amnesia
 g - 3 scrolls of teleportation
 q - a scroll of magic mapping {unknown}
 r - a scroll of fear {unknown}
 B - a scroll of blinking {unknown}
 F - a scroll of enchant weapon {unknown}
Potions
 d - a potion of haste
 l - 2 potions of mutation
 p - 3 potions of berserk rage
 w - a potion of cancellation {unknown}
 x - a potion of flight
 z - a potion of lignification {unknown}
 D - a potion of invisibility {unknown}
Miscellaneous
 f - a sack of spiders
Comestibles
 c - 6 rations


   Skills:
 + Level 4.4 Fighting
 * Level 3.5 Polearms
 * Level 5.8 Slings
 + Level 3.7 Armour
 + Level 1.0 Dodging
 + Level 3.1 Shields
 + Level 2.2 Invocations


You had 6 spell levels left.
You didn't know any spells.
Your spell library was empty.

Dungeon Overview and Level Annotations

Branches:
Dungeon (7/15)
 Temple: D:4-7

Altars:
Ashenzari


Innate Abilities, Weirdness & Mutations

You cannot be hasted, slowed, berserked, paralysed or teleported.
You can dig through walls and to a lower floor.
Your four strong arms can wield two-handed weapons with a shield.
You have a pair of large antennae on your head. (SInv)
You are partially covered in yellow scales. (AC +2)
Scrolls take you a little longer to read.
You are somewhat resistant to further mutation.
Your spells are a little easier to cast, but a little less powerful.


Message History

You feel protected.
* * * LOW HITPOINT WARNING * * *
You feel sick.
It was a potion of mutation.
You feel extremely strange.
Your connection to magic feels subdued.
Your vision blurs.
Yellow scales grow over part of your body.
You feel genetically stable.
* * * LOW HITPOINT WARNING * * *
You feel sick.
It was a potion of might.
You feel very mighty all of a sudden.
* * * LOW HITPOINT WARNING * * *
You feel sick.
It was a potion of magic.
Magic courses through your body.
* * * LOW HITPOINT WARNING * * *
You feel sick.
It was a potion of degeneration.
There was something very wrong with that liquid.
You feel weakened.
You feel dopey.
You feel clumsy.
You die...

#### .
...# ..
...#...
.......
###.#.....
#.>....# {
#)@...##
###.### .#
.# ##


There were no monsters in sight!

Vanquished Creatures
  2 ogres (D:4)
  Blork the orc (D:4)
  2 scorpions
  A hound (D:7)
  2 orc wizards (D:3)
  Terence (D:2)
  A worker ant (D:4)
  A hound skeleton (D:4)
  3 adders
  3 gnolls (D:4)
  3 oozes
  A worm (D:2)
  3 dart slugs
  2 leopard geckos
  8 orcs
  12 bats
  4 giant cockroaches
  7 goblins
  10 hobgoblins
  6 jackals
  2 quokkas (D:4)
  3 frilled lizards
  8 kobolds
  A quokka skeleton (D:4)
  9 rats
96 creatures vanquished.

Vanquished Creatures (others)
  A bullfrog zombie (D:7)
  An orc wizard (D:7)
2 creatures vanquished.

Grand Total: 98 creatures vanquished

Notes
Turn   | Place    | Note
-------+----------+-------------------------------------------
     0 | Abyss:1  | Kairos the Formicid Abyssal Knight began the quest for the
                  | Orb.
     0 | Abyss:1  | Reached XP level 1. HP: 18/18 MP: 2/2
   101 | Abyss:2  | Noticed a large abomination
   108 | Abyss:2  | Noticed a red very ugly thing
   133 | D:1      | Escaped the Abyss
   834 | D:1      | Reached XP level 2. HP: 16/25 MP: 3/3
   949 | D:1      | Reached * piety under Lugonu
  1159 | D:1      | Reached XP level 3. HP: 29/30 MP: 4/4
  1475 | D:2      | Reached skill level 1 in Shields
  1583 | D:2      | Reached XP level 4. HP: 30/37 MP: 5/5
  1784 | D:2      | Noticed Terence
  1804 | D:2      | Killed Terence
  1804 | D:2      | Reached skill level 1 in Dodging
  1888 | D:2      | Reached skill level 1 in Slings
  1888 | D:2      | Reached XP level 5. HP: 42/42 MP: 6/6
  2058 | D:3      | Reached ** piety under Lugonu
  2352 | D:3      | Found a shattered altar of Ashenzari.
  2560 | D:3      | Reached skill level 2 in Slings
  2717 | D:3      | Reached skill level 3 in Slings
  2717 | D:3      | Reached XP level 6. HP: 37/48 MP: 7/7
  3246 | D:4      | Noticed an ogre
  3251 | D:4      | Killed an ogre
  3251 | D:4      | Reached skill level 4 in Slings
  3252 | D:4      | Noticed an ogre
  3255 | D:4      | Killed an ogre
  3255 | D:4      | Reached XP level 7. HP: 54/54 MP: 8/8
  3314 | D:4      | Reached *** piety under Lugonu
  3314 | D:4      | Reached skill level 5 in Slings
  3325 | D:4      | Noticed Blork the orc
  3416 | D:4      | Killed Blork the orc
  3531 | D:4      | You fall through a shaft for 3 floors!
  3561 | D:6      | Gained mutation: Your spells are a little easier to cast,
                  | but a little less powerful. [potion of mutation]
  3561 | D:6      | Gained mutation: Scrolls take you a little longer to read.
                  | [potion of mutation]
  3561 | D:6      | Gained mutation: You are partially covered in yellow
                  | scales. (AC +2) [potion of mutation]
  3561 | D:6      | Gained mutation: You are somewhat resistant to further
                  | mutation. [potion of mutation]
  3562 | D:6      | HP: 2/55 [poisoned by a scorpion]
  3564 | D:6      | Succumbed to a scorpion's poison

Skill      XL: |  1  2  3  4  5  6  7 |
---------------+----------------------+-----
Shields        | 1 2 3 |  3.1
Fighting       | 4 |  4.4
Armour         | 3 |  3.7
Dodging        | 1 |  1.0
Slings         | 1 3 4 5 |  5.8
Polearms       | 3 |  3.5
Invocations    | |  2.2

Action                   |  1- 3 |  4- 6 |  7- 9 || total
-------------------------+-------+-------+-------++-------
Melee: Spear             |   126 |    41 |       ||   167
 Fire: Fustibalus        |       |   165 |    61 ||   226
Invok: Depart the Abyss  |     1 |       |       ||     1
 Abil: Dig               |     6 |       |       ||     6
  Use: Scroll            |     5 |     2 |       ||     7
       Potion            |       |       |     8 ||     8
  Eat: Chunk             |     2 |     4 |     3 ||     9
Armor: Leather armour    |    14 |       |       ||    14
       Chain mail        |    48 |    59 |    50 ||   157
Dodge: Dodged            |    14 |    15 |    10 ||    39
Block: Large shield      |    56 |   113 |    61 ||   230
